 Dungeon Crawl Stone Soup version 0.21-a0-513-gdcb3f5e (webtiles) character file.

21 Starchild the Unweaver (level 2, -4/16 HPs)
             Began as a Vine Stalker Abyssal Knight on Dec 2, 2017.
             Was a Follower of Lugonu.
             Slain by a hound (5 damage)
             ... on level 1 of the Dungeon.
             The game lasted 00:03:38 (1023 turns).

Starchild the Unweaver (VSAK)                       Turns: 1023, Time: 00:03:41

Health: -4/16      AC:  4    Str: 14    XL:     2   Next: 87%
Magic:  0/5        EV: 11    Int: 12    God:    Lugonu [*.....]
Gold:   34         SH:  0    Dex: 13    Spells: 1/1 levels left

rFire    . . .     SeeInvis .   a - +1 mace
rCold    . . .     Gourm    .   (no shield)
rNeg     . . .     Faith    .   b - +0 leather armour
rPois    .         Spirit   +   d - +0 helmet
rElec    .         Reflect  .   (no cloak)
rCorr    .         Harm     .   (no gloves)
MR       .....                  (no boots)
Stlth    +.........             (no amulet)
HPRegen  0.05/turn              (no ring)
MPRegen  0.09/turn              (no ring)

@: no status effects
A: fangs 2, magic shield, antimagic bite, no potion heal 3, rot immunity
a: Depart the Abyss, Renounce Religion


You were on level 1 of the Dungeon.
You worshipped Lugonu.
Lugonu was aware of your devotion.
You were not hungry.

You visited 1 branch of the dungeon, and saw 2 of its levels.
You visited the Abyss 1 time.

You collected 34 gold pieces.

Inventory:

Hand Weapons
 a - a +1 mace (weapon)
Missiles
 i - 47 stones (quivered)
Armour
 b - a +0 leather armour (worn)
 d - a +0 helmet (worn)
Jewellery
 g - an uncursed ring of poison resistance {unknown}
Scrolls
 e - a scroll of enchant weapon {unknown}
 f - 4 scrolls of identify {unknown}
 j - 2 scrolls of immolation {unknown}
 l - a scroll of remove curse {unknown}
Potions
 h - a potion of lignification {unknown}
 k - 2 potions of haste {unknown}
Comestibles
 c - a bread ration


   Skills:
 - Level 2.6 Fighting
 - Level 1.7 Maces & Flails
 - Level 1.5 Armour
 - Level 0.7 Dodging
 + Level 3.2 Invocations


You had one spell level left.
You didn't know any spells.

Dungeon Overview and Level Annotations

Branches:
Dungeon (2/15)

Altars:
Ashenzari


Innate Abilities, Weirdness & Mutations

You have extremely sharp teeth.
When hurt, damage is shared between your health and your magic reserves.
Your bite disrupts and absorbs the magic of your enemies.
Potions cannot restore your health.
You are immune to rotting.


Message History

The hound bites you.
* * * LOW HITPOINT WARNING * * *
You climb upwards.
There is a stone staircase leading down here.
You barely miss the hound. Your bite misses the hound.
The hound is almost dead.
The hound bites you. The hound closely misses you.
You closely miss the hound.
The hound is almost dead.
The hound bites you.
* * * LOW HITPOINT WARNING * * *
The hound closely misses you.
Okay, then.
You barely miss the hound. Your bite misses the hound.
The hound is almost dead.
The hound bites you.
* * * LOW HITPOINT WARNING * * *
The hound stops to sniff the ground.
The hound bites you.
You die...

.......# ##...#############.####
.......####......................
.......##......#############.###.
.......##......###.........#.#...
.......##.......##.#####.#.#.#.##
.......##.....#.##.#.....#.#.#.#
.......'..#.###.##.#.###.#.#.#.#
.......#.##.###h##'#.......#.#.#
.......#.##.....@............#.#
####.#.#.######..............#.#
# #.#.#.....##.............##.# #
#.#.####...#.............##.# #
#.#......#.....#.....#......## #
#.######.#.....#.....#........ #
#..............##...##.....### #
#########.......#...#......# #
#.......##.##......#


You could see a hound.

Vanquished Creatures
  An ooze (D:1)
  A leopard gecko (D:1)
  2 giant cockroaches (D:1)
  2 goblins (D:1)
  A hobgoblin (D:1)
  2 bats (D:1)
  5 frilled lizards
  2 kobolds (D:1)
  2 rats (D:1)
18 creatures vanquished.

Notes
Turn   | Place    | Note
-------+----------+-------------------------------------------
     0 | Abyss:1  | Starchild the Vine Stalker Abyssal Knight began the quest for the Orb.
     0 | Abyss:1  | Reached XP level 1. HP: 11/11 MP: 3/3
    54 | Abyss:1  | Noticed an ancient zyme
    89 | D:1      | Escaped the Abyss
   135 | D:1      | Reached skill level 2 in Invocations
   168 | D:1      | Reached XP level 2. HP: 8/16 MP: 4/4
   177 | D:1      | Reached * piety under Lugonu
   492 | D:1      | Reached skill level 3 in Invocations
   879 | D:1      | Found a shattered altar of Ashenzari.
  1023 | D:1      | Slain by a hound

Vault maps used:
D:1:      lightli_iron_boxes, hangedman_abyss_or_decor_lesser_grid,
          nicolae_ashenzari_panopticon

Skill      XL: |  1  2 |
---------------+-------+-----
Invocations    | 2 3 |  3.2
Fighting       | |  2.6
Maces & Flails | |  1.7
Armour         | |  1.5
Dodging        | |  0.7

Action                   || total
-------------------------++-------
Melee: Mace              ||    52
       Bite              ||    10
Invok: Depart the Abyss  ||     1
Armor: Leather armour    ||    26
Dodge: Dodged            ||    39

Table legend:
 A = Spawn XP
 B = Non-spawn XP
 C = Spawn XP percentage of total XP
 D = Spawn monster count
 E = Non-spawn monster count
 F = Spawn count percentage of total count
 G = Total turns spent on level
                    A         B        C        D         E        F      G
               +---------+---------+-------+---------+---------+-------+---------
         Total |       0 |      31 |   0.0 |       0 |      18 |   0.0 |  1023
               +---------+---------+-------+---------+---------+-------+---------
           D:1 |       0 |      30 |   0.0 |       0 |      17 |   0.0 |   915
           D:2 |       0 |       1 |   0.0 |       0 |       1 |   0.0 |    19
               +---------+---------+-------+---------+---------+-------+---------
